 Dungeon Crawl Stone Soup version 0.18.1-47-g9310371 (console) character file.

79 Kloppie the Poker (level 4, 0/51 HPs)
             Began as a Human Gladiator on June 15, 2016.
             Succumbed to an adder's poison
             ... on level 3 of the Dungeon.
             The game lasted 00:02:59 (1659 turns).

Kloppie the Poker (Human Gladiator)                 Turns: 1659, Time: 00:03:00

Health: 0/51       AC: 22    Str: 14 (16) XL:     4   Next: 62%
Magic:  4/4        EV:  2    Int: 12 (13) God:
Gold:   73         SH:  0    Dex: 13 (14) Spells: 0 memorised, 3 levels left

rFire  . . .     SeeInvis .     a - +0 trident
rCold  . . .     Gourm    .     (armour currently unavailable)
rNeg   + + +     Faith    .     (no shield)
rPois  +         Spirit   .     (helmet currently unavailable)
rElec  .         Dismiss  .     (cloak currently unavailable)
rCorr  .         Reflect  .     (gloves currently unavailable)
SustAt .         Harm     .     (boots currently unavailable)
MR     .....     NoTele   +     (no amulet)
Stlth  +.........               (no ring)
                                (no ring)

@: brilliant, lethally poisoned (0 -> -2), tree-form, not resistant to hostile
enchantments, very unstealthy
A: no striking features
a: no special abilities


You were on level 3 of the Dungeon.
You were near starving.
You were a tree.
You visited 1 branch of the dungeon, and saw 3 of its levels.

You collected 73 gold pieces.

Inventory:

Hand Weapons
 a - a +0 trident (weapon)
 r - a cursed -3 bardiche
Armour
 b - a +0 leather armour (melded)
 c - a +0 helmet (melded)
Jewellery
 h - an uncursed ring of see invisible {unknown}
 m - a +1 ring of protection {unknown}
Scrolls
 i - 4 scrolls of remove curse {unknown}
 k - 2 scrolls of teleportation {unknown}
Comestibles
 f - 2 bread rations
 g - 2 slices of pizza
 j - 2 meat rations
 l - 8 fruits
 o - a beef jerky


   Skills:
 + Level 2.8 Fighting
 * Level 4.1 Polearms
 - Level 2.0 Throwing
 + Level 3.5 Dodging


You had 3 spell levels left.
You didn't know any spells.

Dungeon Overview and Level Annotations

Branches:
Dungeon (3/15)

Altars:
Dithmenos
Xom


Message History

* * * LOW HITPOINT WARNING * * *
You feel sick.
The adder bites you but does no damage. x2
You closely miss the adder.
The adder is almost dead.
The adder bites you but does no damage.
You miss the adder.
The adder is almost dead.
* * * LOW HITPOINT WARNING * * *
You feel sick.
The adder bites you but does no damage. x2
You puncture the adder!
You kill the adder!
You cannot move.
There is a lethal amount of poison in your body!
Drink which item? (? for menu, Esc to quit)
You feel more clever all of a sudden.
There is a lethal amount of poison in your body!
There is a lethal amount of poison in your body!
There is a lethal amount of poison in your body!
There is a lethal amount of poison in your body!
You die...

#..# ...)........ #..#
........# #..######..#..#
#..##......(.#
#..##.......##
######..##.....>.#
........##.......+
........##.....#†#
........##.....#♣##
........##.....#..##
###...###########..## #...#
##..###
###...#############...####
..'...'....................
.##...#############.......#
.##...# ####..... .######
###.#


There were no monsters in sight!

Vanquished Creatures
  A gnoll (D:2)
  2 adders (D:3)
  An ooze (D:2)
  2 dart slugs (D:2)
  A giant gecko (D:1)
  An orc (D:3)
  A ball python (D:2)
  A giant cockroach (D:1)
  4 hobgoblins
  2 quokkas (D:2)
  7 bats
  3 giant newts
  5 goblins
  6 kobolds
  3 rats
40 creatures vanquished.

Notes
Turn   | Place    | Note
--------------------------------------------------------------
     0 | D:1      | Kloppie the Human Gladiator began the quest for the Orb.
     0 | D:1      | Reached XP level 1. HP: 16/16 MP: 1/1
   338 | D:1      | Reached XP level 2. HP: 22/22 MP: 2/2
   754 | D:2      | Reached XP level 3. HP: 21/28 MP: 3/3
   773 | D:2      | Found a shimmering altar of Xom.
  1066 | D:2      | Found a shadowy altar of Dithmenos.
  1209 | D:2      | Reached XP level 4. HP: 33/34 MP: 4/4
  1604 | D:3      | Reached skill level 4 in Polearms
  1652 | D:3      | HP: 2/51 [poisoned by an adder]
  1659 | D:3      | Succumbed to an adder's poison

Skill      XL: |  1  2  3  4 |
---------------+-------------+-----
Polearms       | 4 |  4.1
Fighting       | |  2.8
Throwing       | |  2.0
Dodging        | |  3.5

Action                   |  1- 3 |  4- 6 || total
-------------------------+-------+-------++-------
Melee: Trident           |   106 |    51 ||   157
Throw: Throwing net      |     4 |     2 ||     6
  Use: Potion            |       |     5 ||     5
 Stab: Sleeping          |     1 |       ||     1
       Held in net/web   |       |     1 ||     1
  Eat: Chunk             |     1 |       ||     1
Armor: Leather armour    |    26 |    15 ||    41
       Skin              |       |    12 ||    12
Dodge: Dodged            |    55 |    34 ||    89
